 Dungeon Crawl Stone Soup version 0.29.1-13-g9f3cf754e1 (webtiles) character file.

Game seed: 3763325504382560847

107 theswoord the Twirler (level 4, 0/33 HPs)
             Began as a Demonspawn Gladiator on Jan 27, 2023.
             Slain by a gnoll
             ... wielding a +0 spear
              (7 damage)
             ... on level 3 of the Dungeon.
             The game lasted 00:02:54 (2159 turns).

theswoord the Twirler (Demonspawn Gladiator)        Turns: 2159, Time: 00:02:54

Health: 0/33       AC:  4    Str: 16    XL:     4   Next: 56%
Magic:  4/4        EV: 12    Int: 10    God:
Gold:   61         SH:  5    Dex: 14    Spells: 3/3 levels left

rFire   . . .      SeeInvis .   a - +0 quarterstaff
rCold   . . .      Faith    .   (shield currently unavailable)
rNeg    . . .      Spirit   .   b - +0 leather armour
rPois   .          Reflect  +   c - +0 helmet
rElec   .          Harm     .   (no cloak)
rCorr   .          Rampage  .   (no gloves)
Will    .....                   (no boots)
Stlth   +.........              n - amulet of reflection
HPRegen 0.11/turn               (no ring)
MPRegen 0.09/turn               (no ring)

@: no status effects
A: claws 1
a: no special abilities


You were on level 3 of the Dungeon.
You visited 1 branch of the dungeon, and saw 3 of its levels.

You collected 61 gold pieces.

Inventory:

Hand Weapons
 a - a +0 quarterstaff (weapon)
Missiles
 d - 3 throwing nets (quivered)
 e - a javelin
Armour
 b - a +0 leather armour (worn)
 c - a +0 helmet (worn)
Jewellery
 n - an amulet of reflection (around neck)
Wands
 p - a wand of charming (7)
Scrolls
 f - 7 scrolls of identify
 i - a scroll of magic mapping {unknown}
 j - 2 scrolls of vulnerability {unknown}
 k - 2 scrolls of teleportation {unknown}
 l - a scroll of immolation
 m - 2 scrolls of butterflies {unknown}
 q - a scroll of amnesia {unknown}
Potions
 g - a potion of degeneration
 h - a potion of curing
 o - a potion of cancellation


   Skills:
 - Level 2.0 Fighting
 + Level 4.9 Staves
 - Level 1.7 Throwing
 - Level 2.6 Dodging


You had 3 spell levels left.
You didn't know any spells.
Your spell library was empty.

Dungeon Overview and Level Annotations

Branches:
Dungeon (3/15)

Altars:


Innate Abilities, Weirdness & Mutations

You have sharp fingernails.


Message History

There is a stone staircase leading up here.
The gnoll hits you from afar with a +0 spear.
The gnoll closely misses you.
You climb upwards.
There is a stone staircase leading down, spattered with blood here.
You hit the gnoll.
The gnoll is lightly wounded.
The gnoll closely misses you.
You closely miss the gnoll.
The gnoll is lightly wounded.
The gnoll hits you with a +0 whip.
You sock the gnoll!
The gnoll is severely wounded.
The gnoll barely misses you.
You hit the gnoll.
You kill the gnoll!
No target in view!
No target in view!
No target in view!
You climb downwards.
There is a stone staircase leading up here.
The gnoll hits you with a +0 spear.
You thump the gnoll!
The gnoll is heavily wounded.
The gnoll closely misses you.
You hit the gnoll but do no damage.
The gnoll is heavily wounded.
The gnoll hits you with a +0 spear.
You hit the gnoll.
The gnoll is almost dead.
The gnoll hits you with a +0 spear.
* * * LOW HITPOINT WARNING * * *
You barely miss the gnoll.
The gnoll is almost dead.
The gnoll hits you with a +0 spear.
* * * LOW HITPOINT WARNING * * *
You closely miss the gnoll.
The gnoll is almost dead.
The gnoll hits you with a +0 spear!
You die...

#.# #.# .. #.# #.##.# #.#
...[#######.######.
##.................
.....# #..# #
#.>#####<####.#.
#....?#@........ .
###.##..g........#
#.######..........#.....#
#................##.~....
####.....###.#...# .~⌠~..
#....##...##.##.....~.~..
..#.....#.##.##..##......
.##....##w##.###... ..##.
###...###..#.# ####.


You could see a gnoll.

Vanquished Creatures
  3 gnolls (D:2)
  3 adders
  3 worms
  A dart slug (D:3)
  4 ball pythons
  5 endoplasms
  2 giant cockroaches (D:1)
  7 goblins
  2 hobgoblins
  2 kobolds (D:1)
  5 bats
  2 frilled lizards (D:1)
  3 rats
42 creatures vanquished.

Notes
Turn   | Place    | Note
-------+----------+-------------------------------------------
     0 | D:1      | theswoord the Demonspawn Gladiator began the quest for the
                  | Orb.
     0 | D:1      | Reached XP level 1. HP: 16/16 MP: 1/1
   151 | D:1      | Reached skill level 3 in Staves
   250 | D:1      | Gained mutation: You have sharp fingernails. [demonic
                  | ancestry]
   250 | D:1      | Reached XP level 2. HP: 22/22 MP: 2/2
   528 | D:1      | Found a faded altar of an unknown god.
  1100 | D:2      | Reached skill level 4 in Staves
  1100 | D:2      | Reached XP level 3. HP: 21/27 MP: 3/3
  1276 | D:2      | Identified the +0 leather armour of the Many Teeth {rN+}
  1801 | D:3      | Reached XP level 4. HP: 33/33 MP: 4/4
  2159 | D:3      | Slain by a gnoll

Skill      XL: |  1  2 |
---------------+-------+-----
Staves         | 3 4 |  4.9
Fighting       | |  2.0
Throwing       | |  1.7
Dodging        | |  2.6

Action                   |  1- 3 |  4- 6 || total
-------------------------+-------+-------++-------
Melee: Quarterstaff      |    93 |    22 ||   115
  Use: Scroll            |     3 |       ||     3
Armor: Leather armour    |    21 |       ||    21
Dodge: Dodged            |    55 |    11 ||    66
Block: Other             |     4 |     5 ||     9
       Reflection        |       |     1 ||     1

Levels and vault maps discovered:
D:1:      dpeg_arrival_arbitrary_a, layout_loops_ring,
          hellmonk_ecumenical_altar_blasted
D:2:      layout_rooms
D:3:      layout_rooms, serial_shops, nicolae_shop_trees,
          corexii_leaking_fountain
